 Dungeon Crawl Stone Soup version 0.26-a0-1012-gedcf9b2963 (webtiles) character file.

Game seed: 17538317083776169236

50 Morbidden the Conjurer (level 3, -1/24 HPs)
             Began as a Demonspawn Conjurer on Dec 7, 2020.
             Slain by a worm (5 damage)
             ... on level 2 of the Dungeon.
             The game lasted 00:02:07 (1946 turns).

Morbidden the Conjurer (Demonspawn Conjurer)        Turns: 1946, Time: 00:02:07

Health: -1/24      AC:  2    Str: 13    XL:     3   Next: 55%
Magic:  0/6        EV: 12    Int: 20    God:
Gold:   66         SH:  0    Dex: 11    Spells: 3/6 levels left

rFire    . . .     SeeInvis .   (no weapon)
rCold    + . .     Faith    .   (no shield)
rNeg     . . .     Spirit   .   a - +0 robe
rPois    .         Reflect  .   (no helmet)
rElec    .         Harm     .   (no cloak)
rCorr    .         Rampage  .   (no gloves)
Will     .....                  (no boots)
Stlth    +++.......             (no amulet)
HPRegen  0.08/turn              e - ring of stealth
MPRegen  0.10/turn              o - +6 ring of strength

@: no status effects
A: talons 1, cold resistance 1
a: no special abilities


You were on level 2 of the Dungeon.
You visited 1 branch of the dungeon, and saw 2 of its levels.

You collected 66 gold pieces.

Inventory:

Missiles
 d - 14 poisoned darts (quivered)
Armour
 a - a +0 robe (worn)
 n - a +0 cloak
Jewellery
 e - a ring of stealth (left hand)
 o - a +6 ring of strength (right hand)
Scrolls
 b - a scroll of fog {unknown}
 c - a scroll of immolation {unknown}
 f - a scroll of teleportation {unknown}
 h - a scroll of remove curse {unknown}
 i - a scroll of enchant weapon {unknown}
 j - 2 scrolls of identify {unknown}
 l - a scroll of enchant armour {unknown}
Potions
 g - a potion of cancellation {unknown}
 k - a potion of berserk rage {unknown}
 m - a potion of invisibility {unknown}


   Skills:
 + Level 0.5 Throwing
 + Level 2.3 Dodging
 + Level 2.0 Stealth
 + Level 0.3 Unarmed Combat
 + Level 2.2 Spellcasting
 + Level 4.6 Conjurations


You had 3 spell levels left.
You knew the following spells:

 Your Spells              Type           Power        Failure   Level
a - Magic Dart            Conj           ###.         2%          1
b - Searing Ray           Conj           ###...       3%          2

Your spell library contained the following spells:

 Spells                   Type           Power        Failure   Level
 Dazzling Flash           Conj/Hex       ##....       19%         3
 Fulminant Prism          Conj/Hex       ##........   52%         4
 Iskenderun's Mystic Bla  Conj/Tloc      ##......     52%         4


Dungeon Overview and Level Annotations

Branches:
Dungeon (2/15)

Altars:


Innate Abilities, Weirdness & Mutations

You have sharp toenails.
Your flesh is cold resistant. (rC+)


Message History

The worm is severely wounded.
The worm bites you.
You barely miss the worm.
The worm is heavily wounded.
The worm bites you!
* * * LOW HITPOINT WARNING * * *
You are too injured to fight recklessly!
You are too injured to fight recklessly!
Casting: Magic Dart (safe; 2% risk of failure)
Confirm with . or Enter, or press ? or * to list all spells.
Aiming: Searing Ray (safe; 3% risk of failure)
Press: ? - help, Shift-Dir - straight line, f/p - worm
Aim: a worm (heavily wounded, 8% to evade)
The searing ray hits the worm!
The worm is almost dead. (Press . to maintain the ray.) Unknown command.
Without enough magic to sustain it, your searing ray dissipates.
The worm bites you.
You die...

#..#.#.####.#
#...........#
####......######
........#########
#####.##....>...#
# #.######.# #.#
#.# #.# #.# #.#
#@# #(#
#....w...... #.#
#.##.#<..### #.#
# #.......# ...
....# .........
.... ....
####...###


You could see a worm.

Vanquished Creatures
  An adder (D:2)
  An ooze (D:1)
  A leopard gecko (D:1)
  5 bats
  3 giant cockroaches
  3 hobgoblins (D:1)
  3 jackals (D:1)
  3 frilled lizards (D:1)
  5 goblins
  4 kobolds (D:1)
  5 rats (D:1)
34 creatures vanquished.

Notes
Turn   | Place    | Note
-------+----------+-------------------------------------------
     0 | D:1      | Morbidden the Demonspawn Conjurer began the quest for the
                  | Orb.
     0 | D:1      | Reached XP level 1. HP: 13/13 MP: 3/3
   543 | D:1      | Gained mutation: Your flesh is cold resistant. (rC+)
                  | [demonic ancestry]
   543 | D:1      | Reached XP level 2. HP: 19/19 MP: 0/5
  1095 | D:1      | Learned a level 2 spell: Searing Ray
  1206 | D:1      | Gained mutation: You have sharp toenails. [demonic
                  | ancestry]
  1206 | D:1      | Reached XP level 3. HP: 19/24 MP: 2/6
  1946 | D:2      | Slain by a worm

Illustrated notes

Levels and vault maps discovered:
D:1:      evilmike_arrival_hilbert_curve, layout_basic, nrook_uturn,
          nrook_campfire, minmay_strange_pillars, minmay_3d_cube
D:2:      layout_loops_ring, lemuel_coloured_pillars_altar,
          chequers_ecumenical_altar_grove

Skill      XL: |  1  2  3 |
---------------+----------+-----
Dodging        | 2 |  2.3
Stealth        | 2 |  2.0
Throwing       | |  0.5
Unarmed Combat | |  0.3
Spellcasting   | |  2.2
Conjurations   | |  4.6

Action                   || total
-------------------------++-------
Melee: Unarmed           ||    30
       Kick              ||     1
Throw: Dart              ||    29
 Cast: Magic Dart        ||    68
       Searing Ray       ||     1
Armor: Robe              ||     8
Dodge: Dodged            ||    51

Table legend: (Time is in decaauts)
 A = Elapsed time spent in this place.
 B = Non-inter-level travel time spent in this place.
 C = Inter-level travel time spent in this place.
 D = Time resting spent in this place.
 E = Time spent auto-exploring this place.
 F = Levels seen in this place.
 G = Mean time per level.
                   A        B        C        D        E       F      G
               +--------+--------+--------+--------+--------+-----+--------+
         Total |   1944 |   1918 |     26 |     22 |   1638 |   2 |  972.0 |
       Dungeon |   1944 |   1918 |     26 |     22 |   1638 |   2 |  972.0 |
               +--------+--------+--------+--------+--------+-----+--------+

Top non-repeatable levels by time:
     D:1: 1763 daAuts
     D:2: 181 daAuts
